AoeStats
← Bugsibär

Arabia

508864802Analyzed
1v1 RM · 8d ago on Sep 24, 2026· 39m 42s· 2 players
Game mode
Random Map
Map size
Tiny (2 player)
Population
200
Speed
Normal
Resources
Standard
Victory
Conquest
Starting age
Dark Age
Ending age
Imperial Age
RankedLock teamsTeams togetherTeam positionsShared explorationLock speedFull tech treeHidden civsTurbo modeCheats
Victory
Defeat
🇩🇪 Koreans · Germany
1793
+14
🇮🇹 Britons · Italy
1755
-14
Vitals
8:43 Feudal Age
8:59 Loom
10:12 Double-Bit Axe
11:18 Horse Collar
16:22 Fletching
21:58 Castle Age
20:54 Gold Mining
22:02 Crossbowman
22:45 Bodkin Arrow
22:51 Padded Archer Armor
23:20 Bow Saw
24:54 Wheelbarrow
24:06 Town Watch
28:49 Man-at-Arms
29:14 Gambesons
29:30 Squires
29:15 Arson
29:31 Scale Mail Armor
30:47 Forging
31:54 Chain Mail Armor
32:12 Long Swordsman
35:00 Hand Cart
37:27 Imperial Age
35:41 Iron Casting
38:40 Plate Mail Armor
37:33 Two-Handed Swordsman
38:37 Conscription
38:26 Champion
Bugsibär
6:29 Loom
8:24 Feudal Age
8:38 Loom
9:19 Double-Bit Axe
14:49 Fletching
20:27 Castle Age
19:27 Gold Mining
19:19 Horse Collar
20:38 Elite Skirmisher
21:15 Bodkin Arrow
21:38 Bow Saw
21:25 Town Watch
25:03 Ballistics
29:36 Wheelbarrow
32:06 Hand Cart
34:48 Imperial Age
34:05 Thumb Ring
34:10 Heavy Plow
34:04 Stone Mining
35:30 Bracer
36:16 Conscription
36:58 Chemistry
37:22 Eupseong
38:15 Husbandry
37:55 Elite War Wagon
39:21 Masonry
38:57 Treadmill Crane
Connection lost

Rejoining the realm…

Still unreachable

The connection could not be restored.

Session expired

The server has moved on; the page needs a fresh start.